Map: Glace et chrome EC

Players

XeNo

  • Race: Protoss Protoss
  • League: Master
  • Spawn Location: 1:00

Prøject - Winner!

  • Race: Terran Terran
  • League: Master
  • Spawn Location: 7:00

VOD

Have the link to the VOD?

Description

Time

  • Played on: July 30, 2020, 2:24 p.m.
  • Length: 17:20
Show
View Real Time Build Order
Export as new Build Order

XeNo Protoss 

Build Orders: 1 Gate Expand, Blink Stalkers 

Get SALT Encoding   

  12  0:00  Probe  
  13  0:12  Probe  
  14  0:19  Pylon  
  14  0:24  Probe  
  15  0:37  Probe (Chrono Boost)  
  15  0:38  Gateway  
  16  0:46  Probe (Chrono Boost)  
  16  0:48  Assimilator  
  17  0:51  Probe (Chrono Boost)  
  18  1:03  Probe (Chrono Boost)  
  19  1:12  Probe (Chrono Boost)  
  20  1:25  Nexus  
  20  1:35  Cybernetics Core  
  20  1:38  Probe  
  21  1:47  Pylon  
  21  1:53  Probe  
  21  1:54  Assimilator  
  22  2:05  Probe  
  23  2:08  Adept (Chrono Boost)  
  23  2:12  Warp Gate  
  25  2:17  Probe  
  26  2:29  Probe  
  27  2:31  Stalker (Chrono Boost)  
  28  2:38  Probe  
  28  2:39  Twilight Council  
  28  2:42  Probe  
  30  2:51  Probe  
  31  2:54  Probe  
  31  2:55  Stalker  
  34  3:03  Probe  
  35  3:06  Probe  
  35  3:09  Gateway  
  35  3:12  Blink (Chrono Boost)  
  36  3:15  Probe  
  36  3:18  Probe  
  38  3:27  Probe  
  38  3:30  Probe  
  38  3:32  Robotics Facility  
  40  3:39  Probe  
  41  3:42  Probe  
  42  3:49  Pylon  
  42  3:51  Probe  
  42  3:54  Probe  
  44  4:00  Nexus  
  44  4:01  Sentry  
  46  4:06  Pylon  
  46  4:07  Probe  
  47  4:10  Stalker  
  47  4:12  Probe  
  47  4:17  Pylon  
  50  4:19  Probe  
  50  4:22  Observer  
  52  4:29  Stalker  
  52  4:30  Probe  
  55  4:32  Probe  
  55  4:33  Assimilator  
  56  4:41  Gateway  
  56  4:42  Probe  
  56  4:44  Observer  
  56  4:45  Pylon  
  58  4:47  Stalker  
  58  4:52  Probe  
  61  4:55  Probe, Stalker  
  64  5:04  Shield Battery  
  64  5:05  Observer  
  65  5:08  Probe x2  
  67  5:17  Charge, Forge  
  67  5:18  Zealot x2  
  67  5:20  Probe (Chrono Boost)  
  67  5:21  Probe (Chrono Boost)  
  74  5:26  Probe (Chrono Boost)  
  75  5:29  Probe (Chrono Boost)  
  75  5:30  Gateway  
  75  5:31  Gateway  
  75  5:33  Probe (Chrono Boost)  
  76  5:37  Warp Prism  
  78  5:46  Protoss Ground Armor Level 1 (Chrono Boost)  
  78  5:47  Probe x3  
  81  5:53  Zealot x2  
  81  5:54  Zealot  
  87  5:59  Probe x2, Pylon  
  89  6:05  Pylon  
  89  6:07  Gateway  
  89  6:08  Gateway  
  89  6:09  Probe  
  90  6:11  Probe  
  90  6:16  Zealot  
  93  6:19  Zealot x2  
  97  6:30  Zealot x2  
  97  6:31  Probe x3  
  108  6:33  Immortal  
  108  6:36  Forge  
  108  6:38  Gateway  
  108  6:40  Gateway, Observer  
  108  6:50  Templar Archives  
  108  6:57  Pylon x2  
  108  7:06  Probe, Protoss Ground Weapons Level 1 (Chrono Boost)  
  108  7:07  Pylon  
  108  7:08  Pylon  
  109  7:15  Probe x2  
  111  7:17  Gateway  
  111  7:18  Zealot x4  
  111  7:19  Zealot x3  
  125  7:29  Pylon  
  125  7:33  Zealot  
  125  7:35  Zealot  
  129  7:39  Assimilator  
  129  7:44  Zealot x4  
  129  7:45  Zealot x2  
  129  7:46  Robotics Bay  
  129  7:50  Pylon  
  141  7:51  Pylon  
  141  7:52  Zealot, Robotics Facility  
  141  7:55  Pylon, Zealot  
  145  8:01  Stalker  
  145  8:11  Observer  
  117  8:13  Zealot  
  117  8:14  Zealot x6  
  131  8:21  Zealot  
  131  8:22  Zealot  
  128  8:32  Extended Thermal Lance  
  103  8:36  Zealot x3  
  103  8:37  Colossus (Chrono Boost)  
  103  8:38  Colossus (Chrono Boost)  
  101  8:46  Zealot x10, Protoss Ground Armor Level 2 (Chrono Boost)  
  121  8:51  Assimilator  
  119  9:04  Assimilator  
  119  9:12  Protoss Ground Weapons Level 2 (Chrono Boost)  
  119  9:13  High Templar x2  
  119  9:16  Nexus  
  123  9:17  Pylon  
  123  9:20  Archon  
  123  9:21  Warp Prism (Chrono Boost)  
  123  9:22  Zealot x3  
  131  9:27  Photon Cannon  
  131  9:32  Stalker x2  
  135  9:38  Zealot x3  
  141  9:46  Pylon  
  141  9:47  Stalker x2  
  145  9:54  Disruptor (Chrono Boost)  
  145  9:56  Disruptor (Chrono Boost)  
  149  10:14  Photon Cannon  
  149  10:16  Shield Battery  
  149  10:17  Stalker x4  
  149  10:18  Stalker  
  149  10:20  Zealot  
  159  10:31  Disruptor x2 (Chrono Boost)  
  159  10:34  Zealot x2  
  159  10:35  Zealot  
  171  10:42  Psionic Storm  
  171  10:45  Probe  
  171  10:46  Probe x2, Assimilator  
  171  10:47  Probe  
  171  10:49  Assimilator  
  175  10:55  Zealot x3  
  163  11:13  Zealot x7  
  160  11:27  High Templar x2  
  160  11:29  Stalker  
  164  11:35  Gateway  
  164  11:37  Gateway  
  164  11:38  Archon  
  164  11:39  Gateway  
  152  11:48  Zealot  
  152  11:49  Zealot x3  
  152  11:53  High Templar x3  
  166  11:59  Zealot  
  166  12:00  Zealot x2, Archon  
  140  12:06  Colossus x2 (Chrono Boost)  
  99  12:12  Stalker x3  
  99  12:13  Stalker  
  105  12:20  Stalker  
  105  12:21  Zealot x2  
  111  12:30  Zealot x2  
  111  12:31  Zealot  
  117  12:41  High Templar x2  
  117  12:42  High Templar x2  
  125  12:45  Archon  
  125  12:49  Archon  
  125  12:50  Warp Prism (Chrono Boost)  
  125  12:52  High Templar  
  129  13:00  Stalker x2  
  129  13:01  Nexus  
  129  13:02  Stalker  
  129  13:04  Pylon  
  135  13:07  Dark Shrine  
  135  13:10  Stalker  
  137  13:20  Observer, High Templar x2  
  141  13:28  High Templar  
  141  13:29  Zealot  
  141  13:30  Zealot x5  
  155  13:35  High Templar  
  155  13:38  Shield Battery  
  155  13:41  Photon Cannon  
  157  13:44  Pylon  
  157  13:46  High Templar  
  145  14:04  Stalker x5  
  145  14:05  Stalker x4  
  154  14:27  Zealot x7  
  154  14:28  Zealot x3  
  148  14:44  Zealot x3  
  154  14:47  Disruptor x2  
  154  14:55  Archon  
  154  14:58  High Templar  
  154  14:59  High Templar x2  
  152  15:01  Zealot x2, Dark Templar x2  
  152  15:02  Zealot  
  152  15:06  High Templar  
  164  15:12  Stalker x2  
  164  15:13  Stalker  
  168  15:27  Dark Templar x4  
  168  15:35  Dark Templar  
  164  15:56  Zealot  
  166  15:57  Zealot x6  
  178  16:13  Dark Templar x3  
  182  16:20  Zealot  
  182  16:21  Zealot x7  
  158  16:44  Stalker  
  158  16:45  Stalker x4  
  158  16:46  Stalker  
  110  17:06  Zealot x7  
Show
View Real Time Build Order
Export as new Build Order

Prøject Terran - Winner!

Build Orders: Reaper Expand 

Get SALT Encoding   

  12  0:00  SCV  
  13  0:12  SCV  
  14  0:17  Supply Depot  
  14  0:24  SCV  
  15  0:38  SCV  
  15  0:39  Barracks  
  16  0:44  Refinery  
  16  0:50  SCV  
  17  1:02  SCV  
  18  1:15  SCV  
  19  1:28  Reaper, Orbital Command  
  20  1:41  Command Center  
  20  1:54  SCV, Supply Depot  
  21  2:02  Marine  
  22  2:08  Bunker  
  22  2:09  SCV  
  23  2:19  Factory  
  23  2:21  SCV  
  24  2:23  Barracks Reactor  
  24  2:33  SCV  
  24  2:36  Refinery  
  25  2:43  Barracks  
  25  2:45  SCV  
  26  2:54  Orbital Command  
  26  2:57  SCV  
  27  3:01  Marine x2  
  29  3:06  Starport  
  29  3:09  Factory Tech Lab  
  29  3:10  SCV  
  30  3:19  SCV  
  31  3:21  Marine x2  
  31  3:22  SCV  
  34  3:27  Supply Depot  
  34  3:31  SCV  
  34  3:32  Barracks Tech Lab  
  35  3:35  SCV  
  36  3:49  Barracks  
  36  3:50  SCV  
  36  3:52  Marauder, Marine x2  
  36  3:54  SCV  
  42  3:55  Supply Depot  
  42  3:56  Raven  
  44  4:05  SCV  
  44  4:09  Stimpack  
  45  4:11  SCV  
  45  4:12  Marine x2  
  45  4:14  Marauder  
  50  4:17  SCV  
  50  4:22  Engineering Bay  
  50  4:23  SCV  
  52  4:29  Refinery, Marine x2  
  52  4:30  SCV  
  55  4:35  Supply Depot  
  55  4:39  Marauder  
  55  4:42  SCV  
  55  4:45  SCV  
  59  4:57  Marine x2  
  59  4:59  SCV  
  62  5:00  Marauder  
  62  5:01  Terran Infantry Weapons Level 1  
  62  5:03  Combat Shield, Refinery  
  63  5:07  Marauder  
  63  5:09  Supply Depot  
  63  5:13  SCV  
  63  5:14  SCV  
  67  5:17  Supply Depot  
  67  5:18  Marine x2  
  67  5:20  Starport Reactor, Factory Reactor  
  69  5:25  SCV  
  69  5:26  Supply Depot  
  70  5:30  SCV  
  70  5:31  Marauder  
  70  5:33  Marauder  
  75  5:37  SCV  
  75  5:43  SCV  
  75  5:45  Marine x2  
  76  5:52  SCV, Marauder, Command Center, Supply Depot  
  76  5:54  Concussive Shells, Marauder  
  80  5:58  Medivac x2  
  80  6:01  Widow Mine  
  80  6:02  SCV  
  89  6:04  Widow Mine, Marine  
  90  6:14  SCV  
  90  6:17  Marauder, Marine  
  90  6:18  Marauder  
  96  6:21  Supply Depot  
  96  6:22  Marine  
  97  6:28  Widow Mine x2  
  101  6:35  Supply Depot  
  101  6:37  Supply Depot  
  101  6:42  Marine  
  101  6:43  Medivac x2, Marauder x2  
  110  6:54  Barracks  
  110  6:56  Barracks  
  110  6:57  Marine, Widow Mine x2  
  115  7:02  SCV x2  
  115  7:06  Marauder  
  115  7:07  Marauder, Marine  
  122  7:10  Terran Infantry Armor Level 1  
  122  7:14  SCV  
  122  7:15  SCV  
  124  7:18  Supply Depot  
  124  7:21  Orbital Command  
  124  7:23  Supply Depot  
  124  7:26  SCV  
  124  7:27  Marine x2  
  127  7:31  Medivac x2  
  127  7:34  Marine  
  127  7:35  Marine  
  127  7:36  Widow Mine x2  
  137  7:40  Ghost Academy  
  137  7:42  SCV  
  138  7:45  Barracks Reactor  
  138  7:46  Barracks Tech Lab  
  138  7:48  SCV  
  138  7:49  Missile Turret  
  139  7:54  SCV  
  139  7:57  Marauder  
  139  7:58  Marauder  
  144  8:00  Marine x2  
  144  8:11  Marauder  
  144  8:12  Widow Mine x2  
  143  8:18  Marine x2  
  143  8:19  Marauder x2  
  139  8:40  Marauder  
  137  8:41  Barracks Reactor, Barracks Tech Lab  
  137  8:42  Barracks Tech Lab  
  137  8:44  SCV x3  
  137  8:45  Enhanced Shockwaves  
  140  8:55  Marine x2  
  142  8:56  Medivac x2, Widow Mine x2  
  142  8:57  SCV  
  142  9:01  Marauder  
  153  9:02  Missile Turret  
  153  9:03  SCV  
  153  9:04  Refinery  
  153  9:05  Refinery  
  153  9:07  Marauder  
  156  9:12  SCV, Command Center  
  157  9:18  SCV, Marine  
  157  9:19  Supply Depot  
  157  9:20  Supply Depot  
  157  9:21  SCV  
  157  9:22  Missile Turret  
  160  9:24  SCV  
  165  9:41  SCV x3  
  165  9:42  Supply Depot  
  165  9:43  Supply Depot  
  165  9:45  Supply Depot  
  168  9:47  Missile Turret  
  168  9:53  SCV x2, Engineering Bay, Missile Turret  
  168  9:55  Unknown  
  168  9:56  Armory  
  168  9:57  Unknown  
  168  9:59  Bunker  
  169  10:23  Starport  
  169  10:27  Unknown  
  171  10:29  Marine x2  
  171  10:35  Barracks x2  
  176  10:36  Barracks  
  176  10:42  Viking x2  
  179  10:57  Unknown x3  
  180  11:01  Viking x2  
  177  11:18  Marauder  
  167  11:22  Viking x2  
  167  11:25  Planetary Fortress, Marauder, Unknown x2  
  171  11:26  SCV x3  
  171  11:28  Barracks Tech Lab  
  171  11:29  Barracks Reactor, Barracks Tech Lab  
  171  11:31  Viking x2  
  171  11:32  Terran Infantry Weapons Level 2  
  178  11:33  Terran Infantry Armor Level 2  
  178  11:38  SCV x3  
  176  11:52  Viking x2, SCV  
  176  11:53  SCV  
  156  12:04  Marauder x2  
  156  12:05  Marauder, Marine  
  155  12:08  Marauder x2, Marine x3  
  155  12:09  Marine  
  155  12:10  SCV  
  155  12:13  SCV  
  158  12:16  Missile Turret  
  158  12:19  Terran Ship Weapons Level 1  
  158  12:25  Marauder x2  
  162  12:33  Liberator x3  
  171  12:40  Command Center, Refinery  
  171  12:42  Refinery  
  171  12:45  SCV x2  
  171  12:51  Marine x3  
  180  13:01  Sensor Tower  
  180  13:08  Sensor Tower  
  180  13:17  Unknown x2  
  180  13:19  Liberator x2  
  183  13:22  Command Center  
  186  13:28  Marauder, Fusion Core  
  186  13:29  Marauder x2  
  186  13:31  Marine x3  
  195  13:48  Liberator  
  191  14:17  Liberator  
  191  14:18  Liberator x2  
  200  14:38  Liberator  
  193  14:39  SCV x2  
  193  14:42  Advanced Ballistics  
  191  15:00  Orbital Command, Liberator x2  
  191  15:01  Command Center  
  191  15:03  Liberator  
  200  15:07  Factory Reactor, Command Center  
  200  15:14  Starport  
  200  15:23  SCV  
  200  15:24  SCV  
  198  15:29  Planetary Fortress  
  198  15:39  Missile Turret  
  195  15:59  SCV x2  
  195  16:01  Missile Turret  
  194  16:12  Missile Turret  
  194  16:15  Liberator x2  
  194  16:18  Orbital Command  
  175  16:54  Unknown  
  173  17:02  Command Center  
Tags
 
Add a new tag
Caveats
  • Supply blocks, unpowered buildings, or Contaminate may cause inaccurate times.
  • Supply counts are checked every 10 seconds.